 Dungeon Crawl Stone Soup version 0.30-a0-629-gd54f4be4f7 (webtiles) character file.

Game seed: 16326812938518056686

887 pyrow613 the Trooper (level 8, -13/65 HPs)
             Began as a Human Fighter on Jan 12, 2023.
             Was a Follower of Okawaru.
             Mangled by an ogre
             ... wielding a +0 giant spiked club
              (15 damage)
             ... on level 6 of the Dungeon.
             The game lasted 00:12:03 (4857 turns).

pyrow613 the Trooper (Human Fighter)                Turns: 4857, Time: 00:12:03

Health: -13/65     AC: 13    Str: 26    XL:     8   Next: 26%
Magic:  8/8        EV:  6    Int:  8    God:    Okawaru [*.....]
Gold:   145        SH:  5    Dex: 12    Spells: 7/7 levels left

rFire   . . .      SeeInvis .    a - +1 trident
rCold   + . .      Faith    .    c - +0 buckler
rNeg    . . .      Spirit   .    g - +0 plate armour
rPois   .          Reflect  .    u - +0 hat
rElec   .          Harm     .    (no cloak)
rCorr   .          Rampage  .    (no gloves)
Will    .....                    e - +1 pair of boots Stlth
                                 q - amulet of magic regeneration
HPRegen 0.30/turn                f - +6 ring of strength
MPRegen 0.51/turn                o - ring of protection from cold

@: hasted, very quick
A: no striking features
a: Renounce Religion, Heroism


You were on level 6 of the Dungeon.
You worshipped Okawaru.
Okawaru was aware of your devotion.
You visited 2 branches of the dungeon, and saw 7 of its levels.

You collected 235 gold pieces.
You spent 90 gold pieces at shops.

Inventory:

Hand Weapons
 a - a +1 trident (weapon)
 b - a +0 rapier of venom
 d - a +0 halberd
 i - a +0 sling
Missiles
 l - a poisoned dart (quivered)
 t - 3 curare-tipped darts
Armour
 c - a +0 buckler (worn)
 e - a +1 pair of boots (worn)
 g - a +0 plate armour (worn)
 u - a +0 hat (worn)
 x - a +2 cloak
Jewellery
 f - a +6 ring of strength (left hand)
 o - a ring of protection from cold (right hand)
 q - an amulet of magic regeneration (around neck)
Wands
 j - a wand of flame (32)
Scrolls
 m - a scroll of identify
 n - a scroll of enchant armour {unknown}
 p - a scroll of vulnerability {unknown}
 r - a scroll of blinking
 s - a scroll of fear
 v - a scroll of magic mapping {unknown}
Potions
 h - 3 potions of curing
 k - 2 potions of haste
 w - a potion of attraction {unknown}


   Skills:
 * Level 6.3 Fighting
 * Level 5.8 Polearms
 - Level 3.0 Armour
 + Level 4.9 Shields


You had 7 spell levels left.
You didn't know any spells.
Your spell library contained the following spells:

 Spells                   Type           Power      Damage    Failure   Level
 Foxfire                  Conj/Fire      0%         2x1d4     100%        1
 Ensorcelled Hibernation  Hex/Ice        0%         N/A       100%        2
 Static Discharge         Conj/Air       0%         2-2/arc   100%        2
 Spider Form              Tmut/Pois      0%         N/A       100%        3
 Swiftness                Air            0%         N/A       100%        3
 Anguish                  Hex/Necr       0%         N/A       100%        4
 Fireball                 Conj/Fire      0%         3d3       100%        5
 Starburst                Conj/Fire      0%         6d3       100%        6
 Chain Lightning          Conj/Air       0%         N/A       100%        9


Dungeon Overview and Level Annotations

Branches:
Dungeon (6/15)             Temple (1/1) D:5

Altars:
Ashenzari
Dithmenos
Makhleb
Okawaru
Uskayaw
Xom
The Shining One

Shops:
D:4 ?


Message History

Okawaru accepts your kill.
There is a stone staircase leading up here.
The ogre shouts!
You reach to attack!
You closely miss the troll. You closely miss the troll. The troll bites you!
The troll claws you but does no damage. The troll claws you.
You closely miss the troll. You block the troll's attack. The troll claws you.
The troll claws you but does no damage.
An adder comes into view.
The adder hisses angrily.
You hit the troll.
The troll is lightly wounded.
The troll bites you but does no damage. The troll completely misses you.
The troll claws you but does no damage. The troll bites you!
You block the troll's attack. x2
You barely miss the troll.
The troll is lightly wounded.
The troll barely misses you. The troll completely misses you.
You block the troll's attack.
The ogre hits you with a +0 giant spiked club.
You are too injured to fight recklessly!
You are too injured to fight recklessly!
You are too injured to fight recklessly!
Unknown command.
There is a stone staircase leading up here.
Okay, then.
The troll attacks as you move away! The troll bites you!
* * * LOW HITPOINT WARNING * * *
The troll claws you but does no damage. You block the troll's attack.
You feel yourself speed up. The troll bites you but does no damage.
The troll claws you!
* * * LOW HITPOINT WARNING * * *
The troll claws you!
* * * LOW HITPOINT WARNING * * *
Found a whip.
A hound comes into view.
The hound barks!
Something shouts, "Succumb, thou frothy fly-bitten Cock-Lorel!"
The ogre hits you with a +0 giant spiked club!
You die...

#...######?...>.#
#.......(.......###.
#.<.#............... .
..T................... .#
..#...#.....<........ ...
#..!.$#..........###.....
###...........S...##.....
#..#.........O.$.......
.....##..####T@......h.
.#.####.. #.###...... #..
...# ..... #......## #)..
##... .. ..... . ###...
...


You could see a troll, an ogre, a hound and an adder.

Vanquished Creatures
  A black bear (Temple)
  A sky beast (D:4)
  An ogre (D:5)
  A centaur (D:5)
  A scorpion (D:5)
  A hound (D:3)
  A gnoll bouda (Temple)
  2 jellies
  3 orc wizards (D:3)
  2 iguanas
  6 gnolls
  7 adders
  An ufetubus (D:5)
  A worm (D:2)
  3 dart slugs
  11 orcs
  9 bats
  7 endoplasms
  2 giant cockroaches
  9 goblins
  5 hobgoblins
  4 jackals (D:4)
  7 quokkas
  4 ball pythons
  5 frilled lizards
  10 kobolds
  3 rats
108 creatures vanquished.

Notes
Turn   | Place    | Note
-------+----------+-------------------------------------------
     0 | D:1      | pyrow613 the Human Fighter began the quest for the Orb.
     0 | D:1      | Reached XP level 1. HP: 18/18 MP: 1/1
    47 | D:1      | Reached XP level 2. HP: 24/24 MP: 2/2
   325 | D:1      | Reached XP level 3. HP: 29/29 MP: 3/3
   815 | D:2      | Reached XP level 4. HP: 37/37 MP: 4/4
  1072 | D:2      | Got Miosyni's Discursus on the Sixfirhy
  1146 | D:2      | Reached skill level 4 in Fighting
  1210 | D:2      | Reached XP level 5. HP: 42/42 MP: 5/5
  1548 | D:3      | You fall into a shaft and drop 3 floors!
  1561 | D:6      | Noticed an ogre
  1564 | D:6      | Noticed a troll
  1566 | D:5      | Entered Level 5 of the Dungeon
  1588 | D:5      | Found a staircase to the Ecumenical Temple.
  1590 | D:5      | Noticed a black bear
  1596 | Temple   | Entered the Ecumenical Temple
  1664 | Temple   | Became a worshipper of Warmaster Okawaru
  1689 | Temple   | Killed a black bear
  1690 | Temple   | Reached XP level 6. HP: 13/49 MP: 6/6
  2374 | D:5      | Noticed an ogre
  2539 | D:4      | Reached skill level 5 in Fighting
  2600 | D:4      | Found a burning altar of Makhleb.
  2614 | D:4      | Reached * piety under Okawaru
  2976 | D:4      | Noticed a sky beast
  2980 | D:4      | Reached XP level 7. HP: 49/56 MP: 7/7
  3385 | D:4      | Found Valutz's Magic Scroll Boutique.
  3395 | D:4      | Bought a scroll of blinking for 90 gold pieces
  3746 | D:3      | Reached skill level 5 in Polearms
  4355 | D:5      | Reached skill level 6 in Fighting
  4355 | D:5      | Reached XP level 8. HP: 35/64 MP: 8/8
  4853 | D:6      | HP: 2/65 [troll (8)]
  4857 | D:6      | Mangled by an ogre

Illustrated notes

Levels and vault maps discovered:
D:1:      minmay_arrival_four_loops, layout_loops_cross, nrook_campfire,
          minmay_pentomino_q4
D:2:      wander_river, layout_loops_ring
D:3:      layout_loops_cross, minmay_close_crescents
D:4:      layout_gridville, lemuel_crystal_altar, serial_co_window_serial,
          co_window_corner_a, co_window_corner_a, co_window_of_opportunity_a,
          co_window_paths_a, co_window_of_opportunity_a, co_window_paths_c,
          co_window_paths_c, co_window_broadway_c, co_window_unsneaky_path_d,
          co_window_unsneaky_path_d, co_window_paths_c, glass_columns_a,
          serial_shops, shop
D:5:      layout_loops_ring, minmay_temple_entry_crystal_x
D:6:      layout_rooms, ebering_ghost_sewer_d, chequers_decorated_corner,
          chequers_serial_rivers_small_3
Temple:   hellmonk_temple_of_storms

Skill      XL: |  1  2  3  4  5  6  7 |
---------------+----------------------+-----
Polearms       | 3 4 5 |  5.8
Fighting       | 4 5 6 |  6.3
Shields        | 4 |  4.9
Armour         | |  3.0

Action                   |  1- 3 |  4- 6 |  7- 9 || total
-------------------------+-------+-------+-------++-------
Melee: Trident           |    81 |   168 |   120 ||   369
       Rapier            |       |       |     5 ||     5
Throw: Dart              |       |     2 |       ||     2
  Use: Scroll            |       |     6 |     1 ||     7
       Potion            |       |     2 |     1 ||     3
Armor: Scale mail        |     8 |       |       ||     8
       Plate armour      |    14 |   165 |    70 ||   249
Dodge: Dodged            |    21 |    83 |    28 ||   132
Block: Buckler           |    14 |    55 |    22 ||    91

Table legend: (Time is in decaauts)
 A = Elapsed time spent in this place.
 B = Non-inter-level travel time spent in this place.
 C = Inter-level travel time spent in this place.
 D = Time resting spent in this place.
 E = Time spent auto-exploring this place.
 F = Levels seen in this place.
 G = Mean time per level.
                   A        B        C        D        E       F      G
               +--------+--------+--------+--------+--------+-----+--------+
         Total |   4908 |   4744 |    164 |    837 |   2962 |   7 |  701.1 |
       Dungeon |   4210 |   4046 |    164 |    196 |   2962 |   6 |  701.7 |
        Temple |    697 |    697 |      0 |    641 |      0 |   1 |  697.0 |
               +--------+--------+--------+--------+--------+-----+--------+

Top non-repeatable levels by time:
     D:4: 1118 daAuts
     D:5: 796 daAuts
     D:1: 788 daAuts
     D:2: 780 daAuts
  Temple: 697 daAuts
     D:3: 690 daAuts
     D:6: 36 daAuts
